 Seeded DCSS version 0.29.1-15-g9cfb28693d (webtiles) character file.

Game seed: 2687677490326317623 (custom seed)

16 Gelion the Trooper (level 2, -4/31 HPs)
             Began as an Ogre Warper on July 30, 2023.
             Slain by Natasha (8 damage)
             ... on level 2 of the Dungeon.
             The game lasted 00:01:22 (1248 turns).

Gelion the Trooper (Ogre Warper)                    Turns: 1248, Time: 00:01:23

Health: -4/31      AC:  4    Str: 14    XL:     2   Next: 54%
Magic:  5/5        EV:  9    Int: 14    God:
Gold:   68         SH:  0    Dex:  8    Spells: 6/6 levels left

rFire   . . .      SeeInvis .   a - +1 mace
rCold   . . .      Faith    .   (no shield)
rNeg    . . .      Spirit   .   b - +1 robe
rPois   .          Reflect  .   (helmet restricted)
rElec   .          Harm     .   (no cloak)
rCorr   .          Rampage  .   (gloves unavailable)
Will    .....                   (boots unavailable)
Stlth   +.........              (no amulet)
HPRegen 0.10/turn               (no ring)
MPRegen 0.09/turn               (no ring)

@: slowed, very slow
A: large, unfitting armour, tough skin 1
a: no special abilities


You were on level 2 of the Dungeon.
You visited 1 branch of the dungeon, and saw 2 of its levels.

You collected 68 gold pieces.

Inventory:

Hand Weapons
 a - a +1 mace (weapon)
Missiles
 d - 7 boomerangs of dispersal (quivered)
Armour
 b - a +1 robe (worn)
Wands
 e - a wand of acid (8)
Scrolls
 c - a scroll of blinking
Potions
 f - a potion of might {unknown}
 g - 3 potions of haste


   Skills:
 + Level 3.0 Fighting
 * Level 2.2 Maces & Flails
 - Level 1.0 Throwing
 - Level 2.1 Dodging
 + Level 2.6 Spellcasting
 + Level 2.8 Translocations


You had 6 spell levels left.
You didn't know any spells.
Your spell library contained the following spells:

 Spells                   Type           Power      Damage    Failure   Level
 Blink                    Tloc           18%        N/A       11%         2
 Gell's Gravitas          Tloc           9%         N/A       21%         3
 Lesser Beckoning         Tloc           9%         N/A       21%         3
 Teleport Other           Tloc           9%         N/A       21%         3
 Manifold Assault         Tloc           9%         N/A       88%         5


Dungeon Overview and Level Annotations

Branches:
Dungeon (2/15)

Altars:

Annotations:
D:2 Natasha


Innate Abilities, Weirdness & Mutations

You are too large for most types of armour.
You have tough skin. (AC +1)


Message History

Natasha and a goblin come into view.
The goblin shouts!
The giant cockroach barely misses you.
You sock the giant cockroach!
You kill the giant cockroach!
The goblin hits you with a +0 dagger.
You closely miss the goblin. The goblin barely misses you.
You barely miss the goblin. The goblin hits you but does no damage.
You barely miss the goblin. The goblin hits you but does no damage.
The goblin barely misses you.
You barely miss the goblin. The goblin hits you but does no damage.
You closely miss the goblin. The goblin hits you but does no damage.
You hit the goblin.
You kill the goblin!
You now have 68 gold pieces (gained 11).
Things that are here:
a +0 dagger; a giant cockroach corpse Natasha hisses angrily.
You hit Natasha.
Natasha is moderately wounded.
Natasha stares at you and mumbles some strange words.
You feel yourself slow down. Natasha claws you.
You barely miss Natasha.
Natasha is moderately wounded.
Natasha barely misses you.
Natasha stares at you and mumbles some strange words.
The magic dart hits you!
You closely miss Natasha.
Natasha is moderately wounded.
Natasha claws you. x2
You closely miss Natasha.
Natasha is moderately wounded.
Natasha claws you but does no damage.
You barely miss Natasha.
Natasha is moderately wounded.
Natasha casts a spell at you. The magic dart hits you!
* * * LOW HITPOINT WARNING * * *
Natasha claws you!
You die...

###### # #....#
....#....###################
............................
.#.........@..##############
#..#.....h#..).......... .
#. ######.############## # .
..g............ .
#######........ # #........
# #........ # ......... #
##....... #


You could see Natasha.

Vanquished Creatures
  An endoplasm (D:1)
  A giant cockroach (D:2)
  2 quokkas (D:1)
  3 bats
  2 frilled lizards
  4 goblins
  A kobold (D:1)
  3 rats
17 creatures vanquished.

Notes
Turn   | Place    | Note
-------+----------+-------------------------------------------
     0 | D:1      | Gelion the Ogre Warper began the quest for the Orb.
     0 | D:1      | Reached XP level 1. HP: 22/22 MP: 3/3
   460 | D:1      | Reached XP level 2. HP: 27/29 MP: 5/5
  1087 | D:2      | Reached skill level 3 in Fighting
  1211 | D:2      | Noticed Natasha
  1248 | D:2      | Slain by Natasha

Illustrated notes

Levels and vault maps discovered:
D:1:      minmay_arrival_loop, layout_basic
D:2:      layout_basic, uniq_natasha

Skill      XL: |  1  2 |
---------------+-------+-----
Maces & Flails | 2 |  2.2
Fighting       | 3 |  3.0
Throwing       | |  1.0
Dodging        | |  2.1
Spellcasting   | |  2.6
Translocations | |  2.8

Action                   || total
-------------------------++-------
Melee: Mace              ||    55
  Use: Scroll            ||     4
Armor: Robe              ||    18
Dodge: Dodged            ||    29
